 Dungeon Crawl Stone Soup version 0.31-a0-232-gb1c03b2570 (webtiles) character file.

Game seed: 2607040478362049665

53 qw the Shooter (level 3, -2/29 HPs)
             Began as a Minotaur Hexslinger on July 7, 2023.
             Slain by an ogre
             ... wielding a +0 giant club
              (15 damage)
             ... on level 3 of the Dungeon.
             The game lasted 00:00:30 (1261 turns).

qw the Shooter (Minotaur Hexslinger)                Turns: 1261, Time: 00:00:30

Health: -2/29      AC:  5    Str: 12    XL:     3   Next: 64%
Magic:  3/3        EV: 11    Int: 10    God:
Gold:   166        SH:  0    Dex: 14    Spells: 3/4 levels left

rFire   . . .        Y - +1 sling
rCold   . . .        (no shield)
rNeg    . . .        c - +0 ring mail
rPois   .            (helmet restricted)
rElec   .            (no cloak)
rCorr   .            (no gloves)
SInv    .            (no boots)
Will    .....        (no amulet)
Stlth   +            (no ring)
HPRegen 0.24/turn    (no ring)
MPRegen 0.08/turn

%: no passive effects
@: no status effects
A: horns 2, retaliatory headbutt
a: no special abilities


You were on level 3 of the Dungeon.
You visited 1 branch of the dungeon, and saw 3 of its levels.

You collected 166 gold pieces.


Innate Abilities, Weirdness & Mutations

You have a pair of horns on your head.
You reflexively headbutt those who attack you in melee.


   Skills:
 - Level 2.0 Fighting
 - Level 4.1 Ranged Weapons
 + Level 0.6 Armour
 - Level 2.1 Dodging
 - Level 1.0 Spellcasting
 - Level 2.0 Hexes


You had 3 spell levels left.
You knew the following spells:

 Your Spells              Type           Power      Damage    Failure   Level
a - Slow                  Hex            16%        N/A       34%         1

Your spell library contained the following spells:

 Spells                   Type           Power      Damage    Failure   Level
 Inner Flame              Hex/Fire       2%         N/A       83%         3
 Portal Projectile        Hex/Tloc       4%         N/A       83%         3
 Cause Fear               Hex            2%         N/A       98%         4

Inventory:

Hand Weapons
 Y - a +1 sling (weapon)
Armour
 c - a +0 ring mail (worn)
Scrolls
 d - a scroll of enchant armour {unknown}
 e - 2 scrolls of identify
Potions
 a - 2 potions of attraction {unknown}
 b - a potion of lignification {unknown}
 f - a potion of haste {unknown}
 g - a potion of magic {unknown}

Dungeon Overview and Level Annotations

Branches:
Dungeon (3/15)

Altars:
Elyvilon
Yredelemnul


Message History

The sling bullet barely misses the ball python.
You shoot a sling bullet. The sling bullet hits the ball python!
You kill the ball python!
A kobold and a rat come into view.
Found 7 gold pieces and 5 stones.
The kobold shouts!
Enter note:
Enter note:
Enter note:
Enter note: You shoot a sling bullet.
The sling bullet closely misses the rat.
An ogre comes into view. It is wielding a +0 giant club.
The kobold throws a stone.
The stone misses you.
You shoot a sling bullet. The ogre shouts!
The sling bullet hits the rat.
You kill the rat!
You shoot a sling bullet.
The sling bullet hits the kobold but does no damage.
You shoot a sling bullet.
The sling bullet barely misses the kobold.
The kobold throws a stone.
The stone closely misses you.
You shoot a sling bullet.
The sling bullet barely misses the ogre.
The kobold throws a stone.
The stone hits you but does no damage.
The kobold throws a stone.
The stone hits you but does no damage.
You shoot a sling bullet.
The sling bullet closely misses the ogre.
The ogre hits you with a +0 giant club!
Ouch! That really hurt!
You shoot a sling bullet. The sling bullet hits the ogre.
The ogre is lightly wounded.
The kobold throws a stone.
The stone hits you but does no damage. The ogre misses you.
You shoot a sling bullet.
The sling bullet barely misses the ogre.
The ogre hits you with a +0 giant club!
Ouch! That really hurt!
You die...

}............( ######
##........$.... }#.._#
#}.............. .#...#
#............... .....#
................ #..###
................ ....}#
......K...=..... .#####
......O@##(....#
.#######..##.####........
..................#######
##.#####.########...#
#...###.# ###.# ###.....#
#.### #..#### #...# #.##
###.# #.## ...###.#


You could see an ogre and a kobold.

Vanquished Creatures
  An adder (D:3)
  A worm (D:2)
  2 ball pythons (D:3)
  2 bats (D:2)
  5 endoplasms
  2 giant cockroaches (D:1)
  4 hobgoblins
  4 quokkas
  3 frilled lizards
  7 goblins
  2 kobolds (D:1)
  3 rats (D:3)
36 creatures vanquished.

Notes
Turn   | Place    | Note
-------+----------+-------------------------------------------
     0 | D:1      | qw the Minotaur Hexslinger began the quest for the Orb.
     0 | D:1      | Reached XP level 1. HP: 16/16 MP: 1/1
     0 | D:1      | 0 ||| qw: Version: 0.3-a-46-gb1f654a
     0 | D:1      | 0 ||| qw: Game counter: 2701
     0 | D:1      | 0 ||| qw: Melee chars always use a shield: true
     0 | D:1      | 0 ||| qw: God list: Okawaru
     0 | D:1      | 0 ||| qw: Allow faded altars: false
     0 | D:1      | 0 ||| qw: Do Orc after clearing Dungeon:15 true
     0 | D:1      | 0 ||| qw: Do second Lair branch before Depths: true
     0 | D:1      | 0 ||| qw: Lair rune preference: random
     0 | D:1      | 0 ||| qw: Goals: Normal
     0 | D:1      | 0 ||| PLANNING D:1-11
    93 | D:1      | Reached skill level 3 in Ranged Weapons
    93 | D:1      | Reached XP level 2. HP: 23/23 MP: 2/2
   512 | D:1      | 512 ||| UPGRADING to +0 leather armour.
   522 | D:1      | 522 ||| DROPPING +0 robe.
   523 | D:1      | 523 ||| READING scroll labelled KAYPIBL IDDYSM.
   524 | D:1      | 524 ||| READING scroll labelled FOIWKUNAWN.
   525 | D:1      | 525 ||| READING scroll labelled VYH PIRGHIWK.
   526 | D:1      | 526 ||| READING scroll labelled AMUANA JISKOD.
   527 | D:1      | 527 ||| DROPPING scroll of poison.
   701 | D:2      | Reached XP level 3. HP: 28/29 MP: 3/3
   986 | D:2      | 986 ||| UPGRADING to +0 ring mail.
   996 | D:2      | 996 ||| DROPPING +0 leather armour.
  1022 | D:3      | Found a basalt altar of Yredelemnul.
  1091 | D:3      | Found a white marble altar of Elyvilon.
  1146 | D:3      | Reached skill level 4 in Ranged Weapons
  1254 | D:3      | Noticed an ogre
  1261 | D:3      | Slain by an ogre

Levels and vault maps discovered:
D:1:      dpeg_arrival_shrine, layout_rooms, minmay_pentomino_x2
D:2:      layout_rooms, hex_intersection
D:3:      layout_rooms, mainiacjoe_overflow_paths,
          nicolae_overflow_quartered_altars

Skill      XL: |  1  2  3 |
---------------+----------+-----
Ranged Weapons | 3 4 |  4.1
Fighting       | 2 |  2.0
Armour         | |  0.6
Dodging        | |  2.1
Spellcasting   | |  1.0
Hexes          | |  2.0

Action                     || total
---------------------------++-------
   Fire: Sling             ||   107
    Use: Scroll            ||     4
 Armour: Leather armour    ||     4
         Robe              ||     2
         Ring mail         ||     5
  Dodge: Dodged            ||    18

Table legend:
 A = Non-vault XP
 B = Vault XP
 C = Vault XP percentage of total XP
 D = Non-vault monster count
 E = Vault monster count
 F = Vault count percentage of total count
                 A         B        C        D         E       F
            +---------+---------+-------+---------+---------+-------
      Total |      74 |       3 |   3.9 |      34 |       2 |   5.6
            +---------+---------+-------+---------+---------+-------
        D:1 |      24 |       3 |  11.1 |      14 |       2 |  12.5
        D:2 |      23 |       0 |   0.0 |      11 |       0 |   0.0
        D:3 |      27 |       0 |   0.0 |       9 |       0 |   0.0
            +---------+---------+-------+---------+---------+-------
